 Dungeon Crawl Stone Soup version 0.28-a0-779-g3d1f99b579 (webtiles) character file.

Game seed: 8390509729127722311

49 Rocko1345 the Skirmisher (level 3, 0/30 HPs)
             Began as a Demonspawn Berserker on Nov 2, 2021.
             Was a Follower of Trog.
             Succumbed to an adder's poison
             ... on level 2 of the Dungeon.
             The game lasted 00:04:07 (1107 turns).

Rocko1345 the Skirmisher (Demonspawn Berserker)     Turns: 1107, Time: 00:04:08

Health: 0/30       AC:  7    Str: 18    XL:     3   Next: 53%
Magic:  3/3        EV: 11    Int:  8    God:    Trog [*.....]
Gold:   42         SH:  0    Dex: 12    Spells: 2/2 levels left

rFire   . . .      SeeInvis .   a - +0 hand axe
rCold   . . .      Faith    .   (no shield)
rNeg    . . .      Spirit   .   f - +0 ring mail
rPois   .          Reflect  .   (no helmet)
rElec   .          Harm     .   (no cloak)
rCorr   .          Rampage  .   (no gloves)
Will    .....                   (no boots)
Stlth   +.........              (no amulet)
HPRegen 0.10/turn               (no ring)
MPRegen 0.08/turn               (no ring)

@: lethally poisoned (0 -> -2), on berserk cooldown, attractive
A: slimy green scales 1, powered by pain 1
a: Renounce Religion, Berserk


You were on level 2 of the Dungeon.
You worshipped Trog.
Trog was aware of your devotion.
You visited 1 branch of the dungeon, and saw 2 of its levels.

You collected 42 gold pieces.

Inventory:

Hand Weapons
 a - a +0 hand axe (weapon)
Missiles
 c - 30 stones (quivered)
Armour
 b - a +0 animal skin
 f - a +0 ring mail (worn)
Scrolls
 d - a scroll of fog {unknown}
Potions
 e - a potion of attraction


   Skills:
 * Level 3.7 Fighting
 + Level 3.3 Axes
 + Level 1.9 Armour
 + Level 2.1 Dodging


You had 2 spell levels left.
You didn't know any spells.
Your spell library was empty.

Dungeon Overview and Level Annotations

Branches:
Dungeon (2/15)

Altars:


Innate Abilities, Weirdness & Mutations

You are partially covered in slimy green scales. (AC +2)
You sometimes gain a little power by taking damage.


Message History

The frilled lizard bites you but does no damage.
The adder barely misses you.
The frilled lizard bites you but does no damage.
You miss the adder. You barely miss the frilled lizard.
You feel yourself speed up. The adder barely misses you.
The frilled lizard closely misses you. The adder barely misses you.
You closely miss the adder. You barely miss the frilled lizard.
The adder bites you.
The frilled lizard bites you but does no damage.
The adder bites you.
You hit the adder.
The adder is lightly wounded.
You completely miss the frilled lizard.
The frilled lizard bites you but does no damage.
The adder bites you.
You barely miss the adder.
The adder is lightly wounded.
You miss the frilled lizard.
The frilled lizard bites you but does no damage.
The adder bites you.
* * * LOW HITPOINT WARNING * * *
You are poisoned.
The adder poisons you! The frilled lizard misses you. The adder bites you.
* * * LOW HITPOINT WARNING * * *
It was a potion of attraction.
You feel attractive to monsters.
* * * LOW HITPOINT WARNING * * *
You feel sick. The adder bites you but does no damage.
The frilled lizard closely misses you.
* * * LOW HITPOINT WARNING * * *
You feel sick.
* * * LOW HITPOINT WARNING * * *
You feel sick. The adder barely misses you.
You closely miss the adder.
The adder is lightly wounded.
You hit the frilled lizard.
You kill the frilled lizard!
Trog accepts your kill.
You die...

............###..
...............
.............#
.............# ###
.............# ....
..<.......)..#.....
...................
.......?†..††......
.....#..S@<###.....
##.. ####### .....
... .... .# ^.. .


You could see an adder.

Vanquished Creatures
  Jessica (D:2)
  A dart slug (D:1)
  2 endoplasms (D:1)
  2 hobgoblins
  2 quokkas
  5 bats
  6 frilled lizards
  3 goblins (D:1)
  A kobold (D:1)
  A rat (D:1)
24 creatures vanquished.

Notes
Turn   | Place    | Note
-------+----------+-------------------------------------------
     0 | D:1      | Rocko1345 the Demonspawn Berserker began the quest for the
                  | Orb.
     0 | D:1      | Reached XP level 1. HP: 18/18 MP: 1/1
   480 | D:1      | Gained mutation: You sometimes gain a little power by
                  | taking damage. [demonic ancestry]
   480 | D:1      | Reached XP level 2. HP: 9/24 MP: 2/2
  1067 | D:2      | Noticed Jessica
  1073 | D:2      | Killed Jessica
  1074 | D:2      | Gained mutation: You are partially covered in slimy green
                  | scales. (AC +2) [demonic ancestry]
  1074 | D:2      | Reached XP level 3. HP: 30/30 MP: 3/3
  1106 | D:2      | HP: 1/30 [poisoned by an adder]
  1107 | D:2      | Succumbed to an adder's poison

Illustrated notes

Levels and vault maps discovered:
D:1:      dpeg_arrival_concentric_ovals, layout_basic, serial_glass,
          glass_columns_c, glass_columns_a, glass_columns_b, glass_columns_b,
          glass_columns_b, glass_columns_a, glass_columns_b, glass_columns_b
D:2:      layout_rooms, uniq_jessica

Skill      XL: |  1  2 |
---------------+-------+-----
Dodging        | 2 |  2.1
Axes           | 3 |  3.3
Fighting       | |  3.7
Armour         | |  1.9

Action                   || total
-------------------------++-------
Melee: Hand axe          ||    76
Throw: Stone             ||     4
Invok: Berserk           ||     1
  Use: Potion            ||     1
Armor: Animal skin       ||    19
       Ring mail         ||    35
Dodge: Dodged            ||    91

Table legend: (Time is in decaauts)
 A = Elapsed time spent in this place.
 B = Non-inter-level travel time spent in this place.
 C = Inter-level travel time spent in this place.
 D = Time resting spent in this place.
 E = Time spent auto-exploring this place.
 F = Levels seen in this place.
 G = Mean time per level.
                   A        B        C        D        E       F      G
               +--------+--------+--------+--------+--------+-----+--------+
         Total |   1125 |   1116 |      9 |    344 |    447 |   2 |  562.5 |
       Dungeon |   1125 |   1116 |      9 |    344 |    447 |   2 |  562.5 |
               +--------+--------+--------+--------+--------+-----+--------+

Top non-repeatable levels by time:
     D:1: 1075 daAuts
     D:2: 49 daAuts
